 Dungeon Crawl Stone Soup version 0.32-a0-7-ge934b4519a (webtiles) character file.

Game seed: 6128074028261673502

1200 veles2001 the Shield-Bearer (level 8, 0/69 HPs)
             Began as a Minotaur Berserker on Jan 14, 2024.
             Was a Priest of Trog.
             Splashed by a jelly's acid (10 damage)
             ... on level 5 of the Dungeon.
             The game lasted 00:11:41 (4035 turns).

veles2001 the Shield-Bearer (Minotaur Berserker)    Turns: 4035, Time: 00:11:42

Health: 0/69       AC: -10   Str: 23    XL:     8   Next: 21%
Magic:  7/7        EV: 13    Int:  4    God:    Trog [***...]
Gold:   170        SH: 11    Dex: 11    Spells: 7/7 levels left

rFire   . . .        p - +1 long sword
rCold   . . .        c - +1 kite shield
rNeg    . . .        b - +0 animal skin
rPois   .            (helmet restricted)
rElec   .            n - +2 cloak
rCorr   .            (no gloves)
SInv    .            (no boots)
Will    .....        (no amulet)
Stlth   +            (no ring)
HPRegen 0.31/turn    (no ring)
MPRegen 0.10/turn

%: no passive effects
@: corroded
A: horns 2, retaliatory headbutt
a: Renounce Religion, Berserk, Trog's Hand


You were on level 5 of the Dungeon.
You worshipped Trog.
Trog was most pleased with you.
You visited 1 branch of the dungeon, and saw 6 of its levels.
You also visited: Sewer.

You collected 170 gold pieces.

Inventory:

Hand Weapons
 a - a +0 falchion
 p - a +1 long sword (weapon)
Missiles
 w - 2 throwing nets (quivered)
Armour
 b - a +0 animal skin (worn)
 c - a +1 kite shield (worn)
 n - a +2 cloak (worn)
Jewellery
 o - a ring of protection from fire
Scrolls
 i - 2 scrolls of teleportation
 m - 3 scrolls of identify
 r - 2 scrolls of fear
Potions
 d - 2 potions of degeneration
 e - a potion of ambrosia {unknown}
 g - a potion of invisibility {unknown}
 h - a potion of lignification {unknown}
 j - 2 potions of curing {unknown}
 k - a potion of berserk rage {unknown}
 l - 2 potions of might
 q - a potion of heal wounds {unknown}
 s - a potion of resistance {unknown}
 t - a potion of cancellation
 u - a potion of enlightenment {unknown}


   Skills:
 + Level 5.4 Fighting
 - Level 3.7 Long Blades
 - Level 4.0 Armour
 + Level 6.8 Dodging
 - Level 7.6 Shields


You had 7 spell levels left.
You didn't know any spells.
Your spell library contained the following spells:

 Spells                   Type           Power      Damage    Failure   Level
 Magic Dart               Conj           0%         1d3       73%         1
 Blink                    Tloc           0%         N/A       86%         2
 Call Imp                 Summ           0%         N/A       86%         2


Dungeon Overview and Level Annotations

Branches:
Dungeon (6/15)              Sewer (visited)
 Temple: D:4-7

Altars:
Okawaru

Shops:
D:2 (


Innate Abilities, Weirdness & Mutations

You have a pair of horns on your head.
You reflexively headbutt those who attack you in melee.


Message History

The bombardier beetle is almost dead.
You block the bombardier beetle's attack.
You barely miss the bombardier beetle.
Your headbutt misses the bombardier beetle.
The bombardier beetle is almost dead.
The quokka twitches its whiskers.
You hit the bombardier beetle.
You kill the bombardier beetle!
Trog accepts your kill.
You barely miss the quokka. The quokka misses you.
The quokka bites you but does no damage.
You slash the quokka!
You kill the quokka!
Trog accepts your kill.
You see here a quokka corpse.
A jelly comes into view.
You slash the jelly! The acid corrodes you!
Your hands burn!
The jelly is heavily wounded.
The jelly hits you. The acid corrodes you!
You are splashed with acid!
You hit the jelly but do no damage.
Your hands burn!
The jelly is heavily wounded.
The jelly closely misses you.
You hit the jelly but do no damage.
Your hands burn!
You headbutt the jelly, but do no damage.
The jelly is heavily wounded.
The jelly completely misses you. You block the jelly's attack.
You hit the jelly but do no damage. The acid corrodes you!
Your hands burn!
The jelly is heavily wounded.
The jelly hits you. The acid corrodes you!
You are splashed with acid!
You hit the jelly.
Your hands burn!
You headbutt the jelly.
The jelly is almost dead.
The jelly hits you.
You are splashed with acid.
You hit the jelly but do no damage.
Your hands burn!
The jelly is almost dead.
The jelly hits you. The acid corrodes you!
You are splashed with acid!
* * * LOW HITPOINT WARNING * * *
The jelly hits you.
* * * LOW HITPOINT WARNING * * *
You are splashed with acid!
You die...

.#*,#######..#......##.*
*....,,, ...,*
##.......####.* *#....,*
*#..*
##....##...#*#.****....#*
*#.#*
##..##..##...#*,,,,,...##
#..###..####.#*#....,,,,,,,,*
*#.....###
#.##*.....,,,,,,,***
*#.###..###
##..###...##****,,,,* ,,**
#....###....###....***,*****
,,* #.###......@.......,,,**
,** ##* ###...##J......,,,*
** #..#......#..,,,*
#...#####.#****** ##### **#


You could see a jelly.

Vanquished Creatures
  Prince Ribbit (D:5)
  Sigmund (D:4)
  An ogre (D:5)
  A kobold brigand (D:4)
  2 bombardier beetles (D:5)
  2 hounds
  6 orc priests
  An orc wizard (D:5)
  A hell rat (Sewer)
  12 gnolls
  3 river rats
  7 adders
  2 ufetubi (D:5)
  5 dart slugs
  3 ribbon worms (D:2)
  9 orcs
  7 ball pythons
  2 bats (D:1)
  9 endoplasms
  A giant cockroach (D:1)
  6 goblins
  8 hobgoblins
  2 jackals (D:1)
  4 kobolds
  6 quokkas
  4 frilled lizards
  17 rats
123 creatures vanquished.

Notes
Turn   | Place    | Note
-------+----------+-------------------------------------------
     0 | D:1      | veles2001 the Minotaur Berserker began the quest for the
                  | Orb.
     0 | D:1      | Reached XP level 1. HP: 19/19 MP: 0/0
   163 | D:1      | Reached XP level 2. HP: 27/27 MP: 1/1
   808 | D:2      | Reached XP level 3. HP: 22/33 MP: 2/2
   828 | D:2      | HP: 1/33 [ribbon worm (8)]
   831 | D:2      | Reached skill level 1 in Shields
   912 | D:2      | Reached ** piety under Trog
  1001 | D:2      | Found Qeuczuh's Antique Weapon Emporium.
  1041 | D:2      | Reached skill level 2 in Shields
  1044 | D:2      | Reached XP level 4. HP: 39/40 MP: 3/3
  1148 | D:2      | Reached skill level 3 in Shields
  1180 | D:2      | Found an iron altar of Okawaru.
  1214 | D:2      | Identified the +0 robe of Fortitude {rN+++ Str-3 Int+8
                  | Stlth-}
  1545 | D:3      | Reached skill level 4 in Shields
  1545 | D:3      | Reached XP level 5. HP: 35/46 MP: 4/4
  1857 | D:3      | Found a faded altar of an unknown god.
  1906 | D:3      | Found a glowing drain.
  1911 | D:3      | Reached skill level 5 in Shields
  1928 | Sewer    | Entered a sewer
  2226 | Sewer    | Reached XP level 6. HP: 22/52 MP: 5/5
  2418 | D:4      | Reached skill level 6 in Shields
  2654 | D:4      | Noticed Sigmund
  2662 | D:4      | Killed Sigmund
  2663 | D:4      | Reached skill level 7 in Shields
  2663 | D:4      | Reached XP level 7. HP: 58/58 MP: 6/6
  2964 | D:5      | Entered Level 5 of the Dungeon
  2983 | D:5      | Noticed Prince Ribbit
  3482 | D:6      | Noticed a shadow
  3536 | D:5      | Killed Prince Ribbit
  3537 | D:5      | Reached skill level 5 in Dodging
  3668 | D:5      | Reached skill level 5 in Fighting
  3671 | D:5      | Reached XP level 8. HP: 66/68 MP: 7/7
  3816 | D:5      | Reached *** piety under Trog
  4035 | D:5      | Splashed by a jelly's acid

Illustrated notes

Levels and vault maps discovered:
D:1:      dpeg_arrival_another_circle, layout_loops_ring, minivault_25,
          grunt_decor_junction
D:2:      layout_rooms, serial_shops, nicolae_shop_just_a_little_nook,
          basic_altar, nicolae_grassy_gnolls
D:3:      layout_rooms, portal_sewer_entry_b, shapermc_ecumenical_altar_petra
D:4:      layout_cave_pools, uniq_sigmund
D:5:      layout_layer_cave, serial_shops, nicolae_shop_tiny_real_fake_doors,
          uniq_prince_ribbit1
D:6:      layout_cave_pools, grunt_gozag_breadcrumbs, amcnicky_altar_gilded,
          serial_shops, nicolae_shop_advertising_works
          [nicolae_subvault_shop_adworks], uniq_grinder

Skill      XL: |  1  2  3  4  5  6  7 |
---------------+----------------------+-----
Dodging        | 3 6 |  6.8
Armour         | 3 4 |  4.0
Shields        | 2 4 5 7 |  7.6
Fighting       | 5 |  5.4
Long Blades    | |  3.7

Action                     |  1- 3 |  4- 6 |  7- 9 || total
---------------------------+-------+-------+-------++-------
  Melee: Falchion          |    87 |    69 |       ||   156
         Headbutt          |    19 |    21 |    14 ||    54
         Long sword        |       |    80 |    88 ||   168
 Invoke: Berserk           |     2 |     5 |     4 ||    11
         Trog's Hand       |       |       |     1 ||     1
    Use: Scroll            |       |     7 |     3 ||    10
         Potion            |       |       |     3 ||     3
   Stab: Sleeping          |       |       |     1 ||     1
 Armour: Animal skin       |    39 |    75 |    52 ||   166
  Dodge: Dodged            |    46 |    86 |    49 ||   181
  Block: Kite shield       |    25 |    78 |    67 ||   170

Table legend: (Time is in decaauts)
 A = Elapsed time spent in this place.
 B = Non-inter-level travel time spent in this place.
 C = Inter-level travel time spent in this place.
 D = Time resting spent in this place.
 E = Time spent auto-exploring this place.
 F = Levels seen in this place.
 G = Mean time per level.
                   A        B        C        D        E       F      G
               +--------+--------+--------+--------+--------+-----+--------+
         Total |   4238 |   4161 |     77 |   1020 |   1708 |   7 |  605.4 |
       Dungeon |   3849 |   3772 |     77 |    790 |   1708 |   6 |  641.5 |
         Sewer |    388 |    388 |      0 |    230 |      0 |   1 |  388.0 |
               +--------+--------+--------+--------+--------+-----+--------+

Top non-repeatable levels by time:
     D:5: 918 daAuts
     D:4: 825 daAuts
     D:1: 801 daAuts
     D:2: 691 daAuts
     D:3: 611 daAuts
   Sewer: 388 daAuts
     D:6: 1 daAuts
